 Dungeon Crawl Stone Soup version 0.30-a0-313-gae38170b09 (webtiles) character file.

Game seed: 1366320279518300247

132 pyrow613 the Poker (level 4, -1/34 (37) HPs)
             Began as a Demigod Reaver on Oct 26, 2022.
             Succumbed to a scorpion's poison
             ... on level 4 of the Dungeon.
             The game lasted 00:07:54 (2353 turns).

pyrow613 the Poker (Demigod Reaver)                 Turns: 2353, Time: 00:07:54

HP:   -1/34 (37)    AC:  5    Str: 13    XL:     4   Next: 62%
MP:   7/9           EV: 14    Int: 19    God:
Gold: 126           SH:  0    Dex: 12    Spells: 4/7 levels left

rFire   . . .      SeeInvis .    a - +0 spear
rCold   + . .      Faith    .    (no shield)
rNeg    . . .      Spirit   .    h - +0 ring mail
rPois   .          Reflect  .    (no helmet)
rElec   .          Harm     .    (no cloak)
rCorr   .          Rampage  .    (no gloves)
Will    .....                    (no boots)
Stlth   +.........               (no amulet)
HPRegen 0.25/turn                j - ring of protection from cold
MPRegen 0.11/turn                m - +4 ring of evasion

@: lethally poisoned (-1 -> -15), drained
A: high MP 1, forlorn, divine attributes
a: no special abilities


You were on level 4 of the Dungeon.
You visited 1 branch of the dungeon, and saw 4 of its levels.

You collected 126 gold pieces.

Inventory:

Hand Weapons
 a - a +0 spear (weapon)
 b - a +0 sling
 c - a +5 dagger
Armour
 h - a +0 ring mail (worn)
Magical Staves
 u - a staff of death
Jewellery
 j - a ring of protection from cold (left hand)
 m - a +4 ring of evasion (right hand)
Wands
 v - a wand of digging (6)
Scrolls
 d - a scroll of amnesia {unknown}
 e - a scroll of teleportation {unknown}
 g - 3 scrolls of enchant weapon {unknown}
 i - a scroll of blinking {unknown}
 l - 3 scrolls of identify {unknown}
 n - a scroll of summoning {unknown}
 p - a scroll of torment {unknown}
 s - a scroll of magic mapping {unknown}
 w - a scroll of enchant armour {unknown}
Potions
 f - a potion of might {unknown}
 k - 3 potions of curing {unknown}
 o - a potion of invisibility {unknown}
 q - 2 potions of haste {unknown}
 r - a potion of berserk rage {unknown}
 t - a potion of ambrosia {unknown}
 x - a potion of attraction {unknown}


   Skills:
 + Level 2.6 Fighting
 * Level 4.1 Polearms
 + Level 2.0 Dodging
 + Level 2.1 Spellcasting
 + Level 3.1 Conjurations


You had 4 spell levels left.
You knew the following spells:

 Your Spells              Type           Power      Damage    Failure   Level
a - Kiss of Death         Conj/Necr      28%        2d7       19%         1
b - Momentum Strike       Conj/Tloc      14%        3d8       28%         2

Your spell library contained the following spells:

 Spells                   Type           Power      Damage    Failure   Level
 Hailstorm                Conj/Ice       7%         3d4       50%         3
 Call Canine Familiar     Summ           2%         N/A       73%         3
 Portal Projectile        Hex/Tloc       4%         N/A       73%         3
 Tukima's Dance           Hex            2%         N/A       73%         3
 Leda's Liquefaction      Hex/Erth       1%         N/A       98%         4
 Blade Hands              Tmut           1%         N/A       100%        5


Dungeon Overview and Level Annotations

Branches:
Dungeon (4/15)
 Temple: D:4-7


Innate Abilities, Weirdness & Mutations

You have an increased reservoir of magic. (+10% MP)
You shall have no god before yourself.
Your divine heritage dramatically boosts your attributes as you level up.


Message History

You are too injured to fight recklessly!
You are too injured to fight recklessly!
You are too injured to fight recklessly!
You are too injured to fight recklessly!
You are too injured to fight recklessly!
You are too injured to fight recklessly!
You are too injured to fight recklessly!
You are too injured to fight recklessly!
You are too injured to fight recklessly!
You are too injured to fight recklessly!
You are too injured to fight recklessly!
You are too injured to fight recklessly!
You are too injured to fight recklessly!
You are too injured to fight recklessly!
You are too injured to fight recklessly!
You are too injured to fight recklessly!
You are too injured to fight recklessly!
You are too injured to fight recklessly!
You are too injured to fight recklessly!
You are too injured to fight recklessly!
You are too injured to fight recklessly!
Unknown command.
Casting: Kiss of Death (safe; 19% risk of failure)
Confirm with . or Enter, or press ? or * to list all spells.
Aiming: Momentum Strike (dangerous; 28% risk of failure)
Press: ? - help, Dir - move target, f - scorpion
Aim: a scorpion (lightly wounded, 68% to hit)
The concentrated momentum misses the scorpion.
* * * LOW HITPOINT WARNING * * *
You feel very sick. The scorpion stings you.
* * * LOW HITPOINT WARNING * * *
You hit the scorpion but do no damage.
The scorpion is lightly wounded.
* * * LOW HITPOINT WARNING * * *
You feel very sick. The scorpion closely misses you.
You hit the scorpion but do no damage.
The scorpion is lightly wounded.
You die...

........#. #........
#........ ......... ..
..... ......# .# ......
#....#######.# ......
##...s#.......# ....#
##....@.......###...##.
#...............#.......
#..#####........#.......
# ##......<........
#....#..........
##...#...##.####
#...#.<## # #..#####
....


You could see a scorpion.

Vanquished Creatures
  Natasha (twice) (D:3)
  An adder (D:2)
  2 dart slugs
  6 ball pythons
  5 endoplasms
  4 giant cockroaches
  8 hobgoblins
  10 jackals
  4 quokkas
  2 bats
  4 frilled lizards
  4 goblins
  4 kobolds
  6 rats
62 creatures vanquished.

Notes
Turn   | Place    | Note
-------+----------+-------------------------------------------
     0 | D:1      | pyrow613 the Demigod Reaver began the quest for the Orb.
     0 | D:1      | Reached XP level 1. HP: 17/17 MP: 5/5
    77 | D:1      | Reached skill level 3 in Polearms
   127 | D:1      | Reached XP level 2. HP: 23/24 MP: 7/7
   132 | D:1      | Learned a level 2 spell: Momentum Strike
   843 | D:2      | Reached XP level 3. HP: 19/29 MP: 8/8
  1599 | D:3      | Noticed Natasha
  1609 | D:3      | Killed Natasha
  1610 | D:3      | Reached XP level 4. HP: 34/37 MP: 9/9
  1969 | D:3      | Noticed Natasha
  1979 | D:3      | Reached skill level 4 in Polearms
  1989 | D:3      | Killed Natasha
  2353 | D:4      | Succumbed to a scorpion's poison

Illustrated notes

Levels and vault maps discovered:
D:1:      minmay_arrival_three_doors, layout_loops_cross
D:2:      layout_loops_ring, basic_altar
D:3:      layout_basic, minmay_misc_feat_more_columns, uniq_natasha
D:4:      layout_cave_pools, nicolae_overflow_hidden_temple, marbit_many_paths,
          nicolae_overflow_quartered_altars

Skill      XL: |  1  2  3  4 |
---------------+-------------+-----
Polearms       | 3 4 |  4.1
Fighting       | 2 |  2.6
Spellcasting   | 2 |  2.1
Dodging        | 2 |  2.0
Conjurations   | 3 |  3.1

Action                   |  1- 3 |  4- 6 || total
-------------------------+-------+-------++-------
Melee: Spear             |   180 |    92 ||   272
       Punch             |     2 |     1 ||     3
       Dagger            |     4 |       ||     4
 Cast: Kiss of Death     |     1 |     1 ||     2
       Momentum Strike   |       |     1 ||     1
Armor: Leather armour    |    11 |       ||    11
       Ring mail         |    25 |    13 ||    38
Dodge: Dodged            |    84 |    56 ||   140

Table legend: (Time is in decaauts)
 A = Elapsed time spent in this place.
 B = Non-inter-level travel time spent in this place.
 C = Inter-level travel time spent in this place.
 D = Time resting spent in this place.
 E = Time spent auto-exploring this place.
 F = Levels seen in this place.
 G = Mean time per level.
                   A        B        C        D        E       F      G
               +--------+--------+--------+--------+--------+-----+--------+
         Total |   2328 |   2263 |     65 |     60 |   1748 |   4 |  582.0 |
       Dungeon |   2328 |   2263 |     65 |     60 |   1748 |   4 |  582.0 |
               +--------+--------+--------+--------+--------+-----+--------+

Top non-repeatable levels by time:
     D:1: 779 daAuts
     D:3: 765 daAuts
     D:2: 760 daAuts
     D:4: 23 daAuts
